 Dungeon Crawl Stone Soup version 0.24-a0-280-g7cec4da (webtiles) character file.

Game seed: 17726799532664359225

3500 Gunnerkreig the Magician (level 10, -6/65 HPs)
             Began as an Octopode Wizard on May 14, 2019.
             Was a Priest of Vehumet.
             Mangled by an ice beast (12 damage)
             ... on level 8 of the Dungeon.
             The game lasted 00:27:56 (9203 turns).

Gunnerkreig the Magician (Octopode Wizard)          Turns: 9203, Time: 00:27:56

Health: -6/65      AC:  1    Str:  8    XL:     10   Next: 7%
Magic:  11/21      EV: 13    Int: 29    God:    Vehumet [***...]
Gold:   426        SH:  5    Dex: 10    Spells: 3/23 levels left

rFire    + . .     SeeInvis .   d - +1 falchion
rCold    . . .     Gourm    .   e - +0 buckler
rNeg     . . .     Faith    .   a - +0 hat
rPois    .         Spirit   .   u - amulet of magic regeneration
rElec    .         Reflect  .   x - ring of protection from fire
rCorr    .         Harm     .   A - +6 ring of intelligence
MR       .....                  (no ring)
Stlth    ++++......             (no ring)
HPRegen  0.20/turn              (no ring)
MPRegen  0.42/turn              (no ring)
                                (no ring)
                                (no ring)

@: no status effects
A: almost no armour, stealthy swim, amphibious, 8 rings, constrict 8, camouflage
1, gelatinous body 1
a: Renounce Religion


You were on level 8 of the Dungeon.
You worshipped Vehumet.
Vehumet was most pleased with you.
You were hungry.

You visited 2 branches of the dungeon, and saw 9 of its levels.
You also visited: Ossuary.

You collected 426 gold pieces.

Inventory:

Hand Weapons
 d - a +1 falchion (weapon)
 i - a +0 dagger
 y - a +1 whip of freezing
 C - a +2 mace of protection
Missiles
 b - 278 stones
 k - 37 sling bullets
 r - 3 exploding tomahawks (quivered)
 z - 8 silver tomahawks
 D - a throwing net
Armour
 a - a +0 hat (worn)
 e - a +0 buckler (worn)
Jewellery
 u - an amulet of magic regeneration (around mantle)
 x - a ring of protection from fire (left tentacle)
 A - a +6 ring of intelligence (right tentacle)
Wands
 q - a wand of paralysis (9)
 w - a wand of digging (3)
Scrolls
 g - 10 scrolls of teleportation
 h - 2 scrolls of identify
 m - 2 scrolls of fear
 p - 6 scrolls of remove curse
 s - a scroll of enchant weapon
 B - a scroll of immolation
 H - a scroll of vulnerability
Potions
 f - a potion of brilliance
 j - a potion of mutation
 l - 3 potions of flight
 n - 6 potions of heal wounds
 o - 5 potions of curing
 t - a potion of ambrosia
 v - a potion of haste
 E - 2 potions of lignification
 F - a potion of berserk rage
 G - a potion of agility
 J - 2 potions of might
Comestibles
 c - 10 rations


   Skills:
 + Level 4.4 Fighting
 + Level 2.7 Dodging
 - Level 5.0 Stealth
 - Level 5.0 Shields
 + Level 7.4 Spellcasting
 + Level 5.3 Conjurations
 - Level 2.0 Summonings
 - Level 3.0 Translocations
 + Level 3.6 Fire Magic
 - Level 3.1 Air Magic
 - Level 1.1 Poison Magic
 - Level 3.0 Evocations


You had 3 spell levels left.
You knew the following spells:

 Your Spells              Type           Power        Failure   Level  Hunger
a - Magic Dart            Conj           ####         1%          1    None
b - Conjure Flame         Conj/Fire      #####...     1%          3    None
c - Mephitic Cloud        Conj/Pois/Air  ####....     1%          3    None
d - Sticky Flame          Conj/Fire      #####...     2%          4    ##.....
e - Fireball              Conj/Fire      #####.....   6%          5    ####...
w - Call Imp              Summ           ###.....     3%          2    None
y - Blink                 Tloc           N/A          2%          2    None

Your spell library contained the following spells:

 Spells                   Type           Power        Failure   Level  Hunger
 Throw Flame              Conj/Fire      #####.       1%          2    None
 Flame Tongue             Conj/Fire      #####        1%          1    None
 Dazzling Spray           Conj/Hex       ####..       1%          3    None
 Inner Flame              Hex/Fire       ###.....     1%          3    None
 Corona                   Hex            ##.....      4%          1    None
 Ensorcelled Hibernation  Hex/Ice        ##....       8%          2    None
 Slow                     Hex            ##......     8%          2    None
 Confuse                  Hex            ##......     14%         3    None
 Tukima's Dance           Hex            ##......     14%         3    None


Dungeon Overview and Level Annotations

Branches:
Dungeon (8/15)             Temple (1/1) D:6
   Lair: D:8-11

Altars:
Ashenzari
Cheibriados
Dithmenos
Elyvilon
Fedhas
Gozag
Kikubaaqudgha
Makhleb
Nemelex Xobeh
Qazlal
Ru
Sif Muna
Trog
Uskayaw
Vehumet
Wu Jian
Yredelemnul
Zin
The Shining One


Innate Abilities, Weirdness & Mutations

You cannot wear most types of armour.
You are very stealthy in the water. (Stealth+)
You are amphibious.
You can wear up to eight rings at the same time.
You can use your tentacles to constrict eight enemies at once.
Your skin changes colour to match your surroundings (Stealth+).
Your rubbery body absorbs attacks. (AC +1, EV +1)


Message History

The ice beast hits you. The ice beast freezes you!
You barely miss the ice beast.
The ice beast is severely wounded.
The ice beast barely misses you.
You riposte.
You closely miss the ice beast.
The ice beast is severely wounded.
You barely miss the ice beast.
The ice beast is severely wounded.
The kobold shouts!
You hear a shout!
The ice beast hits you. The ice beast freezes you!
* * * LOW HITPOINT WARNING * * *
The kobold throws a stone.
You block the stone.
Evoke which item? (* to show all) (? for menu, Esc to quit)
Aiming: Paralyse
Press: ? - help, Shift-Dir - straight line, f/p - ice beast
Aim: an ice beast (severely wounded, chance to defeat MR: 54%)
The ice beast resists with significant effort.
The ice beast hits you.
* * * LOW HITPOINT WARNING * * *
The ice beast freezes you!
You die...

######## #......#
#......#
#......###
#....)Y..##
#######Y###..###
......(@/.......
.######(#######..
#)# . #.# #.# K.#
... )..


You could see an ice beast and a kobold.

Vanquished Creatures
  Pikel (D:7)
  Prince Ribbit (D:5)
  Sigmund (D:5)
  A wraith (Ossuary)
  A hungry ghost (D:7)
  Menkaure (D:5)
  4 slaves (D:7)
  An orc warrior (D:8)
  A sky beast (D:7)
  3 ogres
  A phantom (D:4)
  A centaur (D:5)
  2 bullfrogs (D:6)
  A gnoll sergeant (D:5)
  A scorpion (D:4)
  2 electric eels (D:6)
  3 howler monkeys
  5 crimson imps
  2 bullfrog skeletons
  A centaur zombie (D:8)
  7 hounds
  2 jellies
  4 orc priests
  2 iguanas (D:5)
  2 orc wizards
  5 worker ants
  A hound zombie (D:8)
  2 hound skeletons
  A mummy (Ossuary)
  A howler monkey zombie (D:7)
  6 gnolls
  8 adders
  3 shadow imps
  An adder skeleton (D:4)
  An adder zombie (D:7)
  2 worms (D:2)
  14 dart slugs
  11 leopard geckos
  15 orcs
  8 bats
  2 giant cockroaches
  12 goblins
  9 hobgoblins
  11 jackals
  9 kobolds
  6 quokkas
  7 frilled lizards
  A giant cockroach zombie (D:5)
  8 gnoll skeletons (Ossuary)
  11 kobold skeletons (Ossuary)
  A leopard gecko zombie (D:5)
  6 orc skeletons (Ossuary)
  5 rats
218 creatures vanquished.

Vanquished Creatures (others)
  An orc (D:7)
1 creature vanquished.

Grand Total: 219 creatures vanquished

Notes
Turn   | Place    | Note
-------+----------+-------------------------------------------
     0 | D:1      | Gunnerkreig the Octopode Wizard began the quest for the
                  | Orb.
     0 | D:1      | Reached XP level 1. HP: 11/11 MP: 4/4
   257 | D:1      | Reached XP level 2. HP: 10/18 MP: 3/6
   450 | D:1      | Found a shattered altar of Ashenzari.
   511 | D:1      | Reached skill level 1 in Fighting
   743 | D:1      | Reached XP level 3. HP: 23/23 MP: 1/7
   920 | D:1      | Learned a level 3 spell: Conjure Flame
   924 | D:1      | Learned a level 3 spell: Mephitic Cloud
  1175 | D:2      | Found a burning altar of Makhleb.
  1375 | D:2      | Found an ornate altar of the Wu Jian Council.
  1591 | D:2      | Reached XP level 4. HP: 28/28 MP: 6/9
  1640 | D:2      | Found a shattered altar of Ashenzari.
  1854 | D:2      | Found a stormy altar of Qazlal.
  1856 | D:2      | Noticed an earth elemental
  1864 | D:2      | Noticed a water elemental
  1864 | D:2      | Noticed a fire elemental
  1864 | D:2      | Noticed an air elemental
  1994 | D:2      | Found an opulent altar of Gozag.
  2183 | D:2      | You fall through a shaft for 2 floors!
  2184 | D:4      | Noticed an ogre
  2191 | D:4      | Killed an ogre
  2191 | D:4      | Reached XP level 5. HP: 35/35 MP: 0/10
  2209 | D:4      | Reached XP level 6. HP: 18/41 MP: 2/11
  2424 | D:4      | Reached skill level 4 in Spellcasting
  2497 | D:4      | Noticed a phantom
  2502 | D:4      | Learned a level 2 spell: Call Imp
  2505 | D:4      | Learned a level 2 spell: Blink
  2641 | D:4      | Reached skill level 5 in Stealth
  2745 | D:3      | Found a white marble altar of Elyvilon.
  2780 | D:3      | Found a basalt altar of Yredelemnul.
  2916 | D:3      | Found a radiant altar of Vehumet.
  3131 | D:3      | Became a worshipper of Vehumet
  3941 | D:4      | Reached XP level 7. HP: 35/46 MP: 8/13
  4225 | D:4      | Reached skill level 1 in Shields
  4313 | D:4      | Found a bloodstained altar of Trog.
  4622 | D:5      | Entered Level 5 of the Dungeon
  4825 | D:5      | Reached * piety under Vehumet
  4825 | D:5      | Offered knowledge of Sting by Vehumet.
  4825 | D:5      | Reached skill level 5 in Spellcasting
  4975 | D:5      | Noticed Menkaure
  4982 | D:5      | Reached XP level 8. HP: 54/54 MP: 11/15
  5260 | D:5      | Killed Menkaure
  5260 | D:5      | Reached skill level 5 in Conjurations
  5395 | D:5      | Noticed Sigmund
  5405 | D:5      | Killed Sigmund
  5441 | D:5      | Noticed Prince Ribbit
  5459 | D:5      | Killed Prince Ribbit
  5459 | D:5      | Reached skill level 1 in Poison Magic
  5459 | D:5      | Reached skill level 1 in Evocations
  5546 | D:5      | Reached skill level 1 in Fire Magic
  5546 | D:5      | Reached skill level 1 in Air Magic
  5915 | D:5      | Reached skill level 5 in Shields
  5973 | D:5      | Reached XP level 9. HP: 57/58 MP: 12/16
  6868 | D:6      | Offered knowledge of Sandblast by Vehumet.
  6996 | D:6      | Reached ** piety under Vehumet
  7003 | D:6      | Found a sparkling altar of Nemelex Xobeh.
  7117 | D:6      | Found a staircase to the Ecumenical Temple.
  7124 | Temple   | Entered the Ecumenical Temple
  7814 | D:7      | Noticed Pikel
  7908 | D:7      | Found a sand-covered staircase.
  7929 | Ossuary  | Entered an ossuary
  8136 | Ossuary  | Offered knowledge of Throw Flame by Vehumet.
  8426 | D:7      | Reached skill level 6 in Spellcasting
  8436 | D:7      | Killed Pikel
  8436 | D:7      | Reached skill level 7 in Spellcasting
  8644 | D:7      | Learned a level 4 spell: Sticky Flame
  8650 | D:7      | Learned a level 5 spell: Fireball
  8722 | D:7      | Reached *** piety under Vehumet
  9089 | D:7      | Found a snail-covered altar of Cheibriados.
  9153 | D:8      | Reached XP level 10. HP: 55/64 MP: 13/21
  9203 | D:8      | Mangled by an ice beast

Levels and vault maps discovered:
D:1:      dpeg_arrival_chase, layout_basic, ashenzari_altar_1
D:2:      layout_basic, lemuel_crystal_altar, old_standard_altar,
          nicolae_gozag_seed_capital, nicolae_qazlal_style_of_elements,
          serial_park_tiny_pond, st_stairs_7, bloody_makhleb
D:3:      layout_basic, elyvilon_altar_4, yredelemnul_altar_generic,
          nicolae_overflow_crystal_walls, lemuel_old_faithful
D:4:      layout_loops_corners, kennysheep_mini, serial_bayou_pond_c
D:5:      layout_loops_cross, first_ration, minivault_1,
          kennysheep_generic_room_10, uniq_menkaure, uniq_sigmund,
          uniq_prince_ribbit1
D:6:      kennysheep_slugbush, layout_cave_pools,
          minmay_temple_entry_enclosed_plants, nemelex_spade_bored_becter
D:7:      layout_basic, marbit_many_paths, nicolae_ossuary_entry_monument,
          serial_bayou_crossing, uniq_pikel
D:8:      layout_rooms, regret_index_temple_of_mockery, okawaru_humans,
          lair_entry_dummy
Temple:   compressed_dpeg_triangle_lava_temple

Skill      XL: |  1  2  3  4  5  6  7  8  9 |
---------------+----------------------------+-----
Stealth        | 3 4 5 |  5.0
Fighting       | 1 2 3 4 |  4.4
Conjurations   | 2 3 4 5 |  5.3
Spellcasting   | 4 5 7 |  7.4
Shields        | 2 5 |  5.0
Poison Magic   | 1 |  1.1
Evocations     | 1 3 |  3.0
Fire Magic     | 1 3 |  3.6
Air Magic      | 1 3 |  3.1
Summonings     | 2 |  2.0
Translocations | 2 3 |  3.0
Dodging        | |  2.7

Action                   |  1- 3 |  4- 6 |  7- 9 | 10-12 || total
-------------------------+-------+-------+-------+-------++-------
Melee: Unarmed           |    17 |       |       |       ||    17
       Constrict         |     9 |    19 |    47 |     4 ||    79
       Tentacles         |     7 |     8 |    30 |     2 ||    47
       Dagger            |    28 |    43 |       |       ||    71
       Falchion          |       |    34 |   185 |    11 ||   230
Throw: Stone             |     3 |     6 |     1 |     2 ||    12
       Javelin           |       |       |     1 |     4 ||     5
       Tomahawk          |       |       |       |     1 ||     1
 Cast: Magic Dart        |    53 |    81 |   317 |    24 ||   475
       Mephitic Cloud    |       |     2 |    20 |     1 ||    23
       Conjure Flame     |       |     2 |    23 |     2 ||    27
       Blink             |       |     1 |     4 |     1 ||     6
Evoke: Wand              |       |       |       |     1 ||     1
  Use: Scroll            |     2 |    10 |    12 |       ||    24
       Potion            |       |     1 |     3 |       ||     4
 Stab: Sleeping          |     2 |     5 |     4 |       ||    11
       Invisible         |       |     1 |       |       ||     1
       Distracted        |       |     1 |     1 |       ||     2
       Confused          |       |       |     5 |       ||     5
  Eat: Chunk             |     2 |     7 |    18 |       ||    27
Armor: Skin              |     3 |     3 |    11 |     2 ||    19
Dodge: Dodged            |    31 |    54 |   124 |     9 ||   218
Block: Buckler           |       |       |    13 |     3 ||    16
       Rpst.: Falchion   |       |     8 |    44 |     4 ||    56

Table legend:
 A = Non-vault XP
 B = Vault XP
 C = Vault XP percentage of total XP
 D = Non-vault monster count
 E = Vault monster count
 F = Vault count percentage of total count
                 A         B        C        D         E       F
            +---------+---------+-------+---------+---------+-------
      Total |    3106 |    1894 |  37.9 |     166 |      48 |  22.4
            +---------+---------+-------+---------+---------+-------
        D:1 |      47 |       0 |   0.0 |      27 |       0 |   0.0
        D:2 |      98 |      18 |  15.5 |      27 |       2 |   6.9
        D:3 |     164 |       2 |   1.2 |      17 |       1 |   5.6
        D:4 |     653 |       0 |   0.0 |      21 |       0 |   0.0
        D:5 |     617 |     801 |  56.5 |      29 |       5 |  14.7
        D:6 |     551 |      44 |   7.4 |      16 |      11 |  40.7
        D:7 |     519 |     783 |  60.1 |      15 |       2 |  11.8
        D:8 |     457 |       0 |   0.0 |      14 |       0 |   0.0
    Ossuary |       0 |     246 | 100.0 |       0 |      27 | 100.0
            +---------+---------+-------+---------+---------+-------
